 Dungeon Crawl Stone Soup version 0.32-a0-384-gdd28848 (webtiles) character file.

Game seed: 15099384738420243510

11404 Nithhogg the Dwarven Catastrophe (level 11, -21/101 HPs)
             Began as a Mountain Dwarf Fighter on Feb 19, 2024.
             Was an Elder of Qazlal.
             Demolished by a two-headed ogre
             ... wielding the +10 dark maul {heavy}
              (62 damage)
             ... on level 11 of the Dungeon.
             The game lasted 00:18:05 (9137 turns).

Nithhogg the Dwarven Catastrophe (MDFi)             Turns: 9137, Time: 00:18:06

Health: -21/101    AC: 10    Str: 23    XL:     11   Next: 48%
Magic:  19/19      EV: 10    Int:  9    God:    Qazlal [****..]
Gold:   1204       SH:  5    Dex: 18    Spells: 10/10 levels left

rFire   + . .        A - +1 battleaxe (flame)
rCold   + . .        (shield currently unavailable)
rNeg    . . .        i - +2 ring mail of Usaace Vyvau {rPois}
rPois   +            s - +0 helmet "Dedineqom" {Regen+ Str+3 Stlth+}
rElec   .            l - scarf {rC+ rF+}
rCorr   +            (no gloves)
SInv    .            (no boots)
Will    +++..        C - amulet of faith
Stlth   +            x - +6 ring of dexterity
HPRegen 1.16/turn    F - ring "Zats" {+Blink Will++ rCorr Str-3 Dex+3}
MPRegen 0.16/turn

%: repel missiles, faith
@: no status effects
A: runic magic, artefact enchanting
a: Renounce Religion, Evoke Blink, Upheaval, Elemental Force


You were on level 11 of the Dungeon.
You worshipped Qazlal.
Qazlal was greatly pleased with you.
You visited 1 branch of the dungeon, and saw 11 of its levels.

You collected 1204 gold pieces.

Inventory:

Hand Weapons
 a - a +0 war axe
 q - a +4 whip
 A - a +1 battleaxe of flaming (weapon)
 B - a +4 mace
Missiles
 h - 7 javelins
Armour
 b - a +0 scale mail
 c - a +0 buckler
 i - the +2 ring mail of Usaace Vyvau (worn) {rPois}
   (You found it on level 2 of the Dungeon)

   rPois:     It protects you from poison
 l - a scarf of resistance (worn)
 s - the +0 helmet "Dedineqom" (worn) {Regen+ Str+3 Stlth+}
   (You found it on level 6 of the Dungeon)

   Str+3:     It affects your strength (+3).
   Regen+:    It increases your rate of health regeneration.
   Stlth+:    It makes you more stealthy.
 H - a +0 plate armour of cold resistance
Jewellery
 e - a ring of protection from cold
 w - a ring of fire
 x - a +6 ring of dexterity (left hand)
 C - an amulet of faith (around neck)
 E - a +6 ring of strength
 F - the ring "Zats" (right hand) {+Blink Will++ rCorr Str-3 Dex+3}
   (You acquired it on level 10 of the Dungeon)

   [ring of resist corrosion]

   Str-3:     It affects your strength (-3).
   Dex+3:     It affects your dexterity (+3).
   Will++:    It greatly increases your willpower.
   +Blink:    It lets you blink.
   rCorr:     It protects you from acid and corrosion.
 I - a ring of fire
Wands
 d - a wand of acid (25)
 o - a wand of paralysis (24)
 t - a wand of polymorph (9)
 v - a wand of iceblast (28)
Scrolls
 f - 3 scrolls of revelation
 j - a scroll of enchant armour
 m - 5 scrolls of identify
 n - a scroll of fog
 r - a scroll of teleportation
 y - a scroll of amnesia
 D - a scroll of noise
Potions
 k - 2 potions of curing
 p - 2 potions of degeneration
 u - a potion of attraction
 z - 2 potions of might


   Skills:
 + Level 10.6 Fighting
 + Level 11.3 Axes
 + Level 10.6 Armour
 - Level 3.2 Shields
 + Level 11.9 Invocations


You had 10 spell levels left.
You didn't know any spells.
Your spell library contained the following spells:

 Spells                   Type           Power      Damage    Failure   Level
 Apportation              Tloc           0%         N/A       41%         1
 Jinxbite                 Hex            0%         N/A       54%         2
 Mercury Vapours          Alch/Air       0%         N/A       54%         2
 Static Discharge         Conj/Air       0%         3-3/arc   54%         2
 Call Canine Familiar     Summ           0%         N/A       78%         3
 Mephitic Cloud           Conj/Alch/Air  0%         N/A       78%         3
 Sigil of Binding         Hex            0%         N/A       78%         3
 Airstrike                Air            0%         2d(0-16)  99%         4
 Dimensional Bullseye     Hex/Tloc       0%         N/A       99%         4
 Summon Lightning Spire   Summ/Air       0%         N/A       99%         4
 Alistair's Intoxication  Alch           0%         N/A       100%        5
 Freezing Cloud           Conj/Ice/Air   0%         6-21      100%        5


Dungeon Overview and Level Annotations

Branches:
Dungeon (11/15)            Temple (0/1) D:7            Lair (0/5) D:10
    Orc: D:9-12

Altars:
Fedhas
Hepliaklqana
Kikubaaqudgha
Qazlal
Ru
Trog
Wu Jian
Xom
Yredelemnul

Shops:
D:1 *   D:4 (   D:11 *

Annotations:
D:2 1 runed translucent door, Crazy Yiuf
D:5 2 transporters, rotlqkf's ghost, novice FoFi
D:7 3 runed translucent doors, Ozzieoiler's ghost, novice DjCA
D:8 2 transporters, rotlqkf's ghost, novice FoFi
D:9 Truedra's ghost, novice CoHu


Innate Abilities, Weirdness & Mutations

Your spellcasting is much less encumbered by armour.
You can use scrolls of enchantment on lesser artefacts.


Message History

Press: ? - help, Q - select action, (/) - cycle Shift-Dir - straight line, f/p - two-headed ogre
Aim: a two-headed ogre, wielding the +10 dark maul {heavy} and a +0 dire flail (77% to hit)
You throw a poisoned dart.
The poisoned dart hits the two-headed ogre.
You hear a shout!
Throw: 3 darts (poison)
Press: ? - help, Q - select action, (/) - cycle Shift-Dir - straight line, f/p - two-headed ogre
Aim: a two-headed ogre, wielding the +10 dark maul {heavy} and a +0 dire flail (sparse dust, 77% to hit)
You throw a poisoned dart.
The poisoned dart hits the two-headed ogre.
You hear a shout!
The two-headed ogre hits you with the +10 dark maul {heavy}!
The two-headed ogre hits you with a +0 dire flail.
Throw: 2 darts (poison)
Press: ? - help, Q - select action, (/) - cycle Shift-Dir - straight line, f/p - two-headed ogre
Aim: a two-headed ogre, wielding the +10 dark maul {heavy} and a +0 dire flail (77% to hit)
You throw a poisoned dart.
The poisoned dart hits the two-headed ogre.
The two-headed ogre is poisoned.
Throw: dart (poison)
Press: ? - help, Q - select action, (/) - cycle Shift-Dir - straight line, f/p - two-headed ogre
Aim: a two-headed ogre, wielding the +10 dark maul {heavy} and a +0 dire flail (lightly wounded, poisoned, 77% to hit)
You throw a poisoned dart.
The poisoned dart hits the two-headed ogre.
The two-headed ogre is lightly wounded.
The two-headed ogre barely misses you.
The two-headed ogre hits you with a +0 dire flail!
You slash the two-headed ogre! You burn the two-headed ogre!
The two-headed ogre is heavily wounded.
The two-headed ogre hits you with the +10 dark maul {heavy}!!!
The two-headed ogre hits you with a +0 dire flail.
Unknown command.
There is a large open door here.
The two-headed ogre looks more healthy.
It was a potion of magic.
Magic courses through your body.
You barely miss the two-headed ogre.
The two-headed ogre is heavily wounded.
The two-headed ogre hits you with the +10 dark maul {heavy}!!!
Ouch! That really hurt!
You die...

# .# .# #####
(.#
#...########('#
#.#.'.°...((..#
#..○O○..(.)(..#
##°@###########
#.####.#
#......#
######.# #.#
#.# ##.#####.#
#........#
##.#######


You could see a two-headed ogre.

Vanquished Creatures
  Erolcha (D:11)
  A boulder beetle (D:11)
  An arcanist (D:10)
  A rime drake (D:10)
  A kobold demonologist (D:10)
  2 trolls
  A shadow (D:9)
  25 yaks
  2 wyverns
  A steam dragon (D:6)
  Menkaure (D:7)
  An acid dragon (D:11)
  3 water moccasins
  4 orc warriors
  4 ice beasts
  A sky beast (D:5)
  4 centaurs
  A wolf (D:10)
  A phantom (D:6)
  2 bullfrogs
  A kobold brigand (D:10)
  A gnoll sergeant (D:10)
  5 scorpions
  11 wights
  7 killer bees
  The ghost of ooops the Sneak, a weakling DsBr (D:3)
  2 bombardier beetles
  A crimson imp (D:10)
  2 hounds
  2 quasits (D:3)
  A jelly (D:5)
  7 orc priests
  2 sleepcaps
  Ijyb (D:5)
  2 iguanas
  14 orc wizards
  3 gnolls (D:10)
  5 adders
  A shadow imp (D:5)
  2 ufetubi (D:5)
  7 dart slugs
  35 orcs
  7 endoplasms
  3 giant cockroaches
  5 goblins
  5 hobgoblins
  2 quokkas
  6 ball pythons
  6 bats
  2 frilled lizards
  13 kobolds
  10 rats
230 creatures vanquished.

Notes
Turn   | Place    | Note
-------+----------+-------------------------------------------
     0 | D:1      | Nithhogg the Mountain Dwarf Fighter began the quest for the
                  | Orb.
     0 | D:1      | Reached XP level 1. HP: 19/19 MP: 1/1
   103 | D:1      | Reached skill level 1 in Invocations
   103 | D:1      | Reached XP level 2. HP: 16/26 MP: 2/2
   464 | D:1      | Reached XP level 3. HP: 33/33 MP: 4/4
   623 | D:1      | Found Xaih Onu's Assorted Antiques.
   696 | D:2      | Found a faded altar of an unknown god.
   933 | D:2      | Reached XP level 4. HP: 12/40 MP: 5/5
  1088 | D:2      | Identified the +1 ring mail of Usaace Vyvau {rPois}
  1106 | D:2      | Found a runed translucent door.
  1107 | D:2      | Noticed Crazy Yiuf
  1645 | D:3      | Noticed ooops's ghost (weakling DsBr)
  1651 | D:3      | Found a transporter.
  1671 | D:3      | Found a transporter.
  2170 | D:3      | Reached XP level 5. HP: 46/46 MP: 7/7
  2383 | D:4      | Found a basalt altar of Yredelemnul.
  2461 | D:4      | Found a bloodstained altar of Trog.
  2463 | D:4      | Found an ancient bone altar of Kikubaaqudgha.
  2513 | D:4      | Found a blossoming altar of Fedhas.
  2723 | D:4      | Found Mairudem's Antique Weapon Boutique.
  2751 | D:4      | Found a stormy altar of Qazlal.
  2763 | D:4      | Became a worshipper of Qazlal Stormbringer
  3017 | D:5      | Entered Level 5 of the Dungeon
  3039 | D:5      | Reached XP level 6. HP: 47/53 MP: 8/8
  3113 | D:5      | Noticed rotlqkf's ghost (novice FoFi)
  3115 | D:5      | Found a transporter.
  3144 | D:5      | Found a transporter.
  3232 | D:5      | Found a transporter.
  3255 | D:5      | Reached skill level 5 in Fighting
  3255 | D:5      | Reached skill level 5 in Armour
  3294 | D:5      | Noticed Ijyb
  3304 | D:5      | Killed Ijyb
  3514 | D:5      | Noticed a sky beast
  3527 | D:5      | Reached skill level 5 in Axes
  3527 | D:5      | Reached XP level 7. HP: 33/61 MP: 10/10
  3836 | D:5      | Found a transporter.
  3848 | D:5      | Reached skill level 5 in Invocations
  4182 | D:6      | Identified the +0 helmet "Dedineqom" {Regen+ Str+3 Stlth+}
  4300 | D:6      | Reached XP level 8. HP: 70/70 MP: 12/12
  4306 | D:6      | Identified the +7 dagger of the Inquisitive Lives {flame,
                  | rN+ rCorr Stlth+}
  4330 | D:6      | Found a sacrificial altar of Ru.
  4421 | D:6      | Found a hazy altar of Hepliaklqana.
  4956 | D:7      | Found an ornate altar of the Wu Jian Council.
  4976 | D:7      | Found a staircase to the Ecumenical Temple.
  5062 | D:7      | Reached * piety under Qazlal
  5282 | D:3      | Killed ooops's ghost
  5292 | D:3      | Reached XP level 9. HP: 79/79 MP: 14/14
  5509 | D:7      | Identified a scroll of acquirement
  5509 | D:7      | Acquired 510 gold pieces
  5517 | D:7      | Noticed Menkaure
  5530 | D:7      | Killed Menkaure
  5629 | D:7      | Identified the flux talisman of the Endless Eyes {rC+ Will+
                  | Str+3 Stlth+}
  5865 | D:7      | Found a runed translucent gate.
  5865 | D:7      | Noticed Ozzieoiler's ghost (novice DjCA)
  5866 | D:7      | Found a runed translucent gate.
  5866 | D:7      | Found a runed translucent gate.
  6445 | D:8      | Reached ** piety under Qazlal
  6558 | D:8      | Reached XP level 10. HP: 35/90 MP: 17/17
  6764 | D:8      | Noticed rotlqkf's ghost (novice FoFi)
  6784 | D:8      | Found a transporter.
  6820 | D:8      | Found a transporter.
  7203 | D:9      | Reached skill level 10 in Invocations
  7312 | D:9      | Reached skill level 10 in Axes
  7547 | D:9      | Found a runed translucent door.
  7547 | D:9      | Found a shimmering altar of Xom.
  7547 | D:9      | Noticed Truedra's ghost (novice CoHu)
  7549 | D:9      | Noticed a +4 flail of chaos
  7608 | D:10     | Entered Level 10 of the Dungeon
  7627 | D:10     | Reached *** piety under Qazlal
  7730 | D:10     | Found a staircase to the Lair.
  7785 | D:10     | Acquired the ring "Zats" {+Blink Will++ rCorr Str-3 Dex+3}
  8030 | D:10     | Reached XP level 11. HP: 65/99 MP: 19/19
  8032 | D:10     | Reached skill level 10 in Fighting
  8032 | D:10     | Reached skill level 10 in Armour
  8035 | D:10     | Reached **** piety under Qazlal
  8414 | D:10     | Noticed an arcanist
  8424 | D:10     | Killed an arcanist
  8515 | D:11     | Found Omim's General Store.
  8583 | D:11     | Noticed Erolcha
  8600 | D:11     | Killed Erolcha
  9015 | D:11     | Noticed a two-headed ogre
  9018 | D:11     | Noticed a two-headed ogre
  9028 | D:11     | Noticed a boulder beetle
  9038 | D:11     | Killed a boulder beetle
  9137 | D:11     | Demolished by a two-headed ogre

Illustrated notes

Levels and vault maps discovered:
D:1:      wander_arrival_desolate, layout_basic, serial_shops,
          nicolae_shop_overgrown_old_shop
D:2:      layout_loops_ring, hellmonk_ecumenical_altar_pennies_from_heaven,
          grunt_ministairs_8, minmay_box_of_dots, uniq_crazy_yiuf_cottage
D:3:      minmay_evil_eye, layout_loops_ring, gammafunk_ghost_stat_death
D:4:      layout_basic, kennysheep_mini, mainiacjoe_overflow_catwalk_spiral,
          mainiacjoe_overflow_concentric_impassable, lemuel_doored_altar,
          serial_shops, shop
D:5:      gammafunk_wand_slinger, layout_loops_ring, gammafunk_ghost_mausoleum,
          minivault_26, uniq_ijyb
D:6:      layout_basic, mainiacjoe_overflow_surrounded_room,
          mainiacjoe_overflow_brackets
D:7:      layout_basic, mainiacjoe_overflow_small_starburst,
          minmay_temple_entry_crystal_x, ebering_ghost_rock_garden,
          uniq_menkaure
D:8:      layout_loops_ring, gammafunk_ghost_hive, minmay_misc_feat_iff
D:9:      layout_loops_ring, ebering_ghost_xom
D:10:     layout_stronghold, hellmonk_lair_entry_icy, lightli_wizard_tower
D:11:     layout_loops_ring, orc_0_dummy, serial_shops,
          nicolae_shop_gibbet_a_chance, hellmonk_guarded_unrand_dark_maul,
          uniq_erolcha

Skill      XL: |  1  2  3  4  5  6  7  8  9 10 11 |
---------------+----------------------------------+-----
Invocations    | 1 2 3 4 5 7 9 11 | 11.9
Axes           | 3 4 5 6 7 9 10 11 | 11.3
Armour         | 4 5 6 7 8 9 10 | 10.6
Fighting       | 4 5 6 7 8 9 10 | 10.6
Shields        | |  3.2

Action                     |  1- 3 |  4- 6 |  7- 9 | 10-12 || total
---------------------------+-------+-------+-------+-------++-------
  Melee: War axe           |   108 |   153 |   201 |       ||   462
         Battleaxe         |       |       |   114 |   227 ||   341
  Throw: Dart              |       |       |       |    28 ||    28
    Use: Scroll            |       |     8 |     7 |     5 ||    20
         Potion            |       |     2 |     4 |     2 ||     8
 Armour: Scale mail        |    84 |     8 |       |       ||    92
         Ring mail         |       |   118 |   360 |   212 ||   690
         Skin              |       |     7 |     9 |       ||    16
  Dodge: Dodged            |    71 |   104 |   188 |   113 ||   476
         Repelled          |       |       |       |     3 ||     3
  Block: Other             |       |       |    16 |    38 ||    54

Table legend: (Time is in decaauts)
 A = Elapsed time spent in this place.
 B = Non-inter-level travel time spent in this place.
 C = Inter-level travel time spent in this place.
 D = Time resting spent in this place.
 E = Time spent auto-exploring this place.
 F = Levels seen in this place.
 G = Mean time per level.
                   A        B        C        D        E       F      G
               +--------+--------+--------+--------+--------+-----+--------+
         Total |   9344 |   8912 |    432 |    310 |   6603 |  11 |  849.5 |
       Dungeon |   9344 |   8912 |    432 |    310 |   6603 |  11 |  849.5 |
               +--------+--------+--------+--------+--------+-----+--------+

Top non-repeatable levels by time:
     D:5: 1286 daAuts
     D:7: 1021 daAuts
     D:2: 968 daAuts
    D:10: 942 daAuts
     D:8: 907 daAuts
     D:3: 888 daAuts
     D:4: 712 daAuts
     D:1: 687 daAuts
     D:9: 677 daAuts
     D:6: 641 daAuts
    D:11: 610 daAuts
